 Dungeon Crawl Stone Soup version 0.25-a0-578-gc91f01c39c (webtiles) character file.

Game seed: 7701644475027590840, levelgen mode: deterministic

925 wullow the Shield-Bearer (level 7, -7/56 HPs)
             Began as a Demonspawn Fighter on Mar 6, 2020.
             Was an Initiate of Okawaru.
             Mangled by a two-headed ogre
             ... wielding a +0 giant club
              (14 damage)
             ... on level 5 of the Dungeon.
             The game lasted 00:09:52 (5050 turns).

wullow the Shield-Bearer (Demonspawn Fighter)       Turns: 5050, Time: 00:09:52

Health: -7/56      AC: 14    Str: 18    XL:     7   Next: 84%
Magic:  0/7        EV:  7    Int: 10    God:    Okawaru [......]
Gold:   326        SH: 10    Dex: 12    Spells: 7/7 levels left

rFire    . . .     SeeInvis .   a - +1 trident
rCold    . . .     Gourm    .   c - +0 kite shield
rNeg     . . .     Faith    .   b - +0 scale mail
rPois    +         Spirit   +   (no helmet)
rElec    .         Reflect  .   y - +2 cloak {+Inv}
rCorr    .         Harm     .   (no gloves)
MR       .....                  C - +2 pair of boots
Stlth    ..........             w - amulet of guardian spirit
HPRegen  0.18/turn              r - ring of poison resistance
MPRegen  0.10/turn              (no ring)

@: no status effects
A: hooves 1, rugged brown scales 1, rot immunity
a: Renounce Religion, Evoke Invisibility


You were on level 5 of the Dungeon.
You worshipped Okawaru.
Okawaru was noncommittal.
You were full.

You visited 1 branch of the dungeon, and saw 6 of its levels.

You collected 326 gold pieces.

Inventory:

Hand Weapons
 a - a +1 trident (weapon)
 j - a +0 dagger of venom
Missiles
 e - 29 poisoned darts (quivered)
 g - 30 sling bullets
 o - 126 arrows
 q - 94 stones
 x - 8 curare-tipped darts
Armour
 b - a +0 scale mail (worn)
 c - a +0 kite shield (worn)
 y - a +2 cloak of invisibility (worn)
 C - a +2 pair of boots (worn)
Jewellery
 i - an uncursed amulet of the gourmand
 r - a ring of poison resistance (left hand)
 w - an amulet of guardian spirit (around neck)
Wands
 u - a wand of polymorph (8)
Scrolls
 m - a scroll of magic mapping {unknown}
 n - 5 scrolls of remove curse
 t - a scroll of teleportation {unknown}
Potions
 d - a potion of might
 h - a potion of stabbing
 k - a potion of ambrosia
 l - a potion of lignification {unknown}
 s - 4 potions of curing
 z - a potion of cancellation {unknown}
 A - a potion of haste {unknown}
 B - a potion of degeneration {unknown}
Comestibles
 f - 8 rations
 p - 6 chunks of flesh


   Skills:
 + Level 4.9 Fighting
 * Level 5.2 Polearms
 + Level 3.1 Armour
 * Level 5.7 Shields
 + Level 0.5 Spellcasting
 + Level 0.3 Evocations


You had 7 spell levels left.
You didn't know any spells.
Your spell library was empty.

Dungeon Overview and Level Annotations

Branches:
Dungeon (6/15)
 Temple: D:4-7

Altars:
Okawaru

Shops:
D:5 %


Innate Abilities, Weirdness & Mutations

You have large cloven feet.
You are partially covered in rugged brown scales. (AC +1, +3% HP)
You are immune to rotting.


Message History

There is a stone staircase leading up here.
The two-headed ogre hits you with a +0 giant club!!
The two-headed ogre hits you but does no damage.
You climb upwards.
There is a stone staircase leading down here.
There is an open door here.
You barely miss the two-headed ogre.
The two-headed ogre is moderately wounded.
The two-headed ogre hits you with a +0 giant club!
You block the two-headed ogre's attack.
You puncture the two-headed ogre!
The two-headed ogre is moderately wounded.
The two-headed ogre barely misses you.
The two-headed ogre hits you with a +0 giant club.
You hit the two-headed ogre but do no damage.
The two-headed ogre is moderately wounded.
The two-headed ogre hits you with a +0 giant club!
* * * LOW HITPOINT WARNING * * *
The two-headed ogre hits you with a +0 giant club!
You die...

#.....#######.....
#.....#.....#...".
#.....#.....#.....
#.....#.....#.....
#.....'.....#.....
#...>.#.....#.....
####.....#######.....
#..##O####.....††....
#...@....#...........
#........#.........).
#........#...........
#..##.##.#...........
#####################


You could see a two-headed ogre.

Vanquished Creatures
  A sky beast (D:5)
  An ogre (D:5)
  2 centaurs (D:5)
  Blork the orc (D:4)
  A water moccasin zombie (D:5)
  A crimson imp (D:5)
  A hound (D:5)
  A jelly (D:5)
  An orc wizard (D:5)
  2 bullfrog skeletons
  A worker ant (D:5)
  7 gnolls
  8 adders
  An ooze (D:4)
  An adder skeleton (D:4)
  4 worms
  A dart slug (D:3)
  5 leopard geckos
  5 orcs
  5 bats
  5 giant cockroaches
  10 goblins
  9 hobgoblins
  6 jackals
  4 quokkas
  A ball python (D:1)
  3 frilled lizards
  2 jackal skeletons (D:4)
  11 kobolds
  2 quokka skeletons (D:4)
  12 rats
115 creatures vanquished.

Notes
Turn   | Place    | Note
-------+----------+-------------------------------------------
     0 | D:1      | wullow the Demonspawn Fighter began the quest for the Orb.
     0 | D:1      | Reached XP level 1. HP: 18/18 MP: 1/1
   483 | D:1      | Gained mutation: You have large cloven feet. [demonic
                  | ancestry]
   483 | D:1      | Reached XP level 2. HP: 24/24 MP: 2/2
  1500 | D:2      | Gained mutation: You are partially covered in rugged brown
                  | scales. (AC +1, +3% HP) [demonic ancestry]
  1500 | D:2      | Reached XP level 3. HP: 23/29 MP: 3/3
  1734 | D:2      | Reached XP level 4. HP: 26/36 MP: 4/4
  2678 | D:3      | Gained mutation: You are immune to rotting. [demonic
                  | ancestry]
  2678 | D:3      | Reached XP level 5. HP: 40/42 MP: 5/5
  3017 | D:4      | Noticed Blork the orc
  3030 | D:4      | Killed Blork the orc
  3343 | D:5      | Entered Level 5 of the Dungeon
  3360 | D:5      | Noticed a sky beast
  3381 | D:5      | Killed a sky beast
  3381 | D:5      | Reached XP level 6. HP: 35/49 MP: 6/6
  3384 | D:5      | Found Micseocs's Food Shop.
  3737 | D:5      | Reached skill level 5 in Shields
  3737 | D:5      | Reached XP level 7. HP: 25/56 MP: 7/7
  4312 | D:5      | Reached skill level 5 in Polearms
  4706 | D:5      | Found an iron altar of Okawaru.
  4717 | D:5      | Became a worshipper of Warmaster Okawaru
  5019 | D:6      | Noticed a two-headed ogre
  5050 | D:5      | Mangled by a two-headed ogre

Levels and vault maps discovered:
D:1:      minmay_arrival_three_doors, layout_basic, interstate_on_off,
          minmay_misc_feat_secret_circle, minmay_hexomino_p4
D:2:      layout_basic, first_ration
D:3:      layout_loops_ring
D:4:      layout_rooms, uniq_blork_the_orc
D:5:      layout_gridville, serial_shops, shop, kennysheep_okawaru_gauntlet
D:6:      minmay_goblin_kobold_castle, layout_cave_pools,
          minmay_temple_entry_stoned_glass, serial_column_ruins,
          column_ruins_temple_hall, column_ruins_corridor_straight,
          column_ruins_open_tiny, column_ruins_corridor_plus,
          kennysheep_crisscross, st_stairs_13, chequers_serial_rivers_room_b,
          uniq_eustachio

Skill      XL: |  1  2  3  4  5  6  7 |
---------------+----------------------+-----
Polearms       | 2 3 4 5 |  5.2
Shields        | 3 4 5 |  5.7
Armour         | 3 |  3.1
Fighting       | 4 |  4.9
Spellcasting   | |  0.5
Evocations     | |  0.3

Action                   |  1- 3 |  4- 6 |  7- 9 || total
-------------------------+-------+-------+-------++-------
Melee: Trident           |   138 |   196 |   115 ||   449
       Kick              |    19 |    57 |     5 ||    81
  Use: Scroll            |       |       |     8 ||     8
  Eat: Chunk             |    12 |     7 |     7 ||    26
Armor: Scale mail        |    56 |    65 |    38 ||   159
Dodge: Dodged            |    33 |    54 |    29 ||   116
Block: Kite shield       |    64 |    83 |    74 ||   221

Table legend:
 A = Non-vault XP
 B = Vault XP
 C = Vault XP percentage of total XP
 D = Non-vault monster count
 E = Vault monster count
 F = Vault count percentage of total count
                 A         B        C        D         E       F
            +---------+---------+-------+---------+---------+-------
      Total |    1218 |     104 |   7.9 |     109 |       6 |   5.2
            +---------+---------+-------+---------+---------+-------
        D:1 |      19 |       4 |  17.4 |      13 |       3 |  18.8
        D:2 |     129 |       0 |   0.0 |      37 |       0 |   0.0
        D:3 |      47 |       0 |   0.0 |      16 |       0 |   0.0
        D:4 |      47 |      96 |  67.1 |      15 |       1 |   6.2
        D:5 |     898 |       4 |   0.4 |      24 |       2 |   7.7
        D:6 |      78 |       0 |   0.0 |       4 |       0 |   0.0
            +---------+---------+-------+---------+---------+-------
